 Dungeon Crawl Stone Soup version 0.27-a0-972-gd1521fd518 (webtiles) character file.

Game seed: 1138825243545815272

262 dolemite99 the Spear-Bearer (level 6, 0/47 HPs)
             Began as a Merfolk Fighter on Apr 14, 2021.
             Was a Believer of Cheibriados.
             Slain by a killer bee (8 damage)
             ... on level 3 of the Dungeon.
             The game lasted 00:02:07 (2668 turns).

dolemite99 the Spear-Bearer (Merfolk Fighter)       Turns: 2668, Time: 00:02:08

Health: 0/47       AC:  6    Str: 23    XL:     6   Next: 18%
Magic:  6/6        EV:  9    Int: 13    God:    Cheibriados [**....]
Gold:   80         SH:  0    Dex: 18    Spells: 5/5 levels left

rFire    . . .     SeeInvis .   a - +0 trident (flame)
rCold    . . .     Faith    .   (no shield)
rNeg     . . .     Spirit   .   h - +0 scale mail
rPois    .         Reflect  .   (no helmet)
rElec    .         Harm     .   (no cloak)
rCorr    .         Rampage  .   (no gloves)
Will     .....                  (no boots)
Stlth    ..........             (no amulet)
HPRegen  0.15/turn              (no ring)
MPRegen  0.10/turn              (no ring)

@: mighty, very slow
A: (nimble swimmer 2), mertail
a: Renounce Religion, Bend Time


You were on level 3 of the Dungeon.
You worshipped Cheibriados.
Cheibriados was pleased with you.
You visited 1 branch of the dungeon, and saw 3 of its levels.

You collected 80 gold pieces.

Inventory:

Hand Weapons
 a - a +0 trident of flaming (weapon)
 b - a +0 halberd
Missiles
 e - 39 sling bullets
 f - a throwing net (quivered)
Armour
 c - a +0 kite shield
 h - a +0 scale mail (worn)
Magical Staves
 k - a staff of cold
Scrolls
 j - a scroll of magic mapping {unknown}
Potions
 g - a potion of attraction {unknown}


   Skills:
 - Level 3.2 Fighting
 + Level 9.1 Polearms
 - Level 2.1 Armour
 - Level 3.0 Shields


You had 5 spell levels left.
You didn't know any spells.
Your spell library contained the following spells:

 Spells                   Type           Power      Damage    Failure   Level
 Confusing Touch          Hex            0%         N/A       93%         3
 Gell's Gravitas          Tloc           0%         N/A       93%         3
 Petrify                  Tmut/Erth      0%         N/A       100%        4
 Metabolic Englaciation   Hex/Ice        0%         N/A       100%        5
 Yara's Violent Unravell  Hex/Tmut       0%         3d3       100%        5


Dungeon Overview and Level Annotations

Branches:
Dungeon (3/15)

Altars:
Cheibriados
Vehumet


Innate Abilities, Weirdness & Mutations

((You are quick and stealthy near water. (Stealth+, EV+, Speed+++)))
Your lower body shifts to a powerful aquatic tail in water.


Message History

The killer bee completely misses you.
It was a potion of curing.
You feel better. The killer bee stings you.
You are poisoned.
The killer bee poisons you! The killer bee completely misses you.
You barely miss the killer bee.
The killer bee is almost dead.
You feel sick. The killer bee stings you.
* * * LOW HITPOINT WARNING * * *
The killer bee stings you!
* * * LOW HITPOINT WARNING * * *
You feel better.
The killer bee stings you but does no damage.
The killer bee barely misses you.
You puncture the killer bee!
You kill the killer bee!
Cheibriados thoroughly appreciates the change of pace.
You hit the killer bee.
The killer bee is moderately wounded.
The killer bee stings you.
* * * LOW HITPOINT WARNING * * *
The killer bee stings you but does no damage.
You puncture the killer bee!
You kill the killer bee!
Cheibriados thoroughly appreciates the change of pace.
Your Polearms skill increases to level 9!
You have reached level 6!
Your experience leads to an increase in your attributes!
Your base attributes are Str 17, Int 8, Dex 13.
Increase (S)trength, (I)ntelligence, or (D)exterity?
You feel stronger.
As you read the scroll labelled FUCSOAC CEKINU, it crumbles to dust.
It is a scroll of brand weapon.
Your +0 trident is engulfed in flames!
a - a +0 trident of flaming (weapon)
The killer bee barely misses you.
The killer bee stings you but does no damage.
You closely miss the killer bee.
The killer bee stings you but does no damage.
The killer bee stings you!
You die...

#.# # #.# #. #.# ... #.#
### .... #.# #.. .....
#.# #.#
#.....###########.## #.#
#...By@...........###.#
.....############..##...
.#. #.......
#########.##...
............#.#
#########.#.#.# #.#....
#....#. #.#....


You could see a killer bee and a giant cockroach.

Vanquished Creatures
  4 killer bees (D:3)
  3 adders
  A gnoll (D:2)
  A dart slug (D:1)
  3 endoplasms
  3 giant cockroaches
  4 hobgoblins
  5 jackals (D:1)
  2 quokkas
  3 ball pythons
  4 bats
  3 frilled lizards
  2 goblins
  3 kobolds (D:1)
  5 rats (D:2)
46 creatures vanquished.

Notes
Turn   | Place    | Note
-------+----------+-------------------------------------------
     0 | D:1      | dolemite99 the Merfolk Fighter began the quest for the Orb.
     0 | D:1      | Reached XP level 1. HP: 18/18 MP: 1/1
   376 | D:1      | Reached skill level 4 in Polearms
   376 | D:1      | Reached XP level 2. HP: 24/24 MP: 2/2
   823 | D:1      | Found a faded altar of an unknown god.
   833 | D:1      | Became a worshipper of Cheibriados the Contemplative
   833 | D:1      | Reached * piety under Cheibriados
   869 | D:1      | Reached skill level 5 in Polearms
   869 | D:1      | Reached XP level 3. HP: 18/29 MP: 3/3
  1601 | D:2      | Reached skill level 6 in Polearms
  1802 | D:2      | Reached XP level 4. HP: 35/35 MP: 4/4
  1812 | D:2      | Reached ** piety under Cheibriados
  2089 | D:2      | Found a radiant altar of Vehumet.
  2652 | D:3      | Reached skill level 7 in Polearms
  2652 | D:3      | Reached XP level 5. HP: 30/41 MP: 5/5
  2658 | D:3      | Reached skill level 8 in Polearms
  2662 | D:3      | HP: 1/41 [killer bee (8)]
  2667 | D:3      | Reached skill level 9 in Polearms
  2667 | D:3      | Reached XP level 6. HP: 8/47 MP: 6/6
  2668 | D:3      | Slain by a killer bee

Illustrated notes

Levels and vault maps discovered:
D:1:      dpeg_arrival_boxes_within_box, layout_rooms, basic_ecumenical_altar,
          minmay_tiny_reverse_x
D:2:      kennysheep_six_static_rooms, layout_loops_ring, basic_altar
D:3:      layout_loops_ring, lemuel_blue_sif_altar, minmay_fountain_box,
          kennysheep_generic_room_16, uniq_crazy_yiuf_cottage, uniq_grinder,
          uniq_jessica

Skill      XL: |  1  2  3  4  5 |
---------------+----------------+-----
Polearms       | 4 5 6 7 9 |  9.1
Fighting       | |  3.2
Armour         | |  2.1
Shields        | |  3.0

Action                   |  1- 3 |  4- 6 || total
-------------------------+-------+-------++-------
Melee: Trident           |   111 |    45 ||   156
  Use: Potion            |       |     3 ||     3
       Scroll            |       |     1 ||     1
Armor: Scale mail        |    57 |    24 ||    81
Dodge: Dodged            |    68 |    28 ||    96

Table legend: (Time is in decaauts)
 A = Elapsed time spent in this place.
 B = Non-inter-level travel time spent in this place.
 C = Inter-level travel time spent in this place.
 D = Time resting spent in this place.
 E = Time spent auto-exploring this place.
 F = Levels seen in this place.
 G = Mean time per level.
                   A        B        C        D        E       F      G
               +--------+--------+--------+--------+--------+-----+--------+
         Total |   3128 |   2992 |    136 |   1004 |   1629 |   3 | 1042.7 |
       Dungeon |   3128 |   2992 |    136 |   1004 |   1629 |   3 | 1042.7 |
               +--------+--------+--------+--------+--------+-----+--------+

Top non-repeatable levels by time:
     D:1: 1424 daAuts
     D:2: 1323 daAuts
     D:3: 380 daAuts
